 Dungeon Crawl Stone Soup version 0.30-a0-241-g1121274140 (webtiles) character file.

Game seed: 1502214374161772628

23618 droid the Fencer (level 13, -2/116 HPs)
             Began as a Hill Orc Fighter on Oct 11, 2022.
             Was a High Priest of the Shining One.
             Slain by a skeletal warrior
             ... wielding a +0 hand axe
              (5 damage)
             ... on level 12 of the Dungeon.
             The game lasted 00:31:13 (16880 turns).

droid the Fencer (Hill Orc Fighter)                Turns: 16880, Time: 00:31:14

Health: -2/116     AC: 19    Str: 30    XL:     13   Next: 7%
Magic:  0/13       EV:  8    Int:  8    God:    the Shining One [*****.]
Gold:   613        SH:  5    Dex: 10    Spells: 12/12 levels left

rFire   . . .      SeeInvis +    k - +4 double sword (vorpal)
rCold   . . .      Faith    .    c - +0 buckler
rNeg    + + .      Spirit   +    e - +0 plate armour
rPois   .          Reflect  .    b - +0 helmet
rElec   .          Harm     .    (no cloak)
rCorr   .          Rampage  .    s - +0 pair of gloves
Will    .....                    u - +0 pair of boots
Stlth   ..........               q - amulet of guardian spirit
HPRegen 0.39/turn                m - +6 ring of strength
MPRegen 0.13/turn                F - ring of see invisible

@: glowing
A: no striking features
a: Renounce Religion, Divine Shield, Cleansing Flame, Summon Divine Warrior


You were on level 12 of the Dungeon.
You worshipped the Shining One.
The Shining One was extremely pleased with you.
You visited 2 branches of the dungeon, and saw 13 of its levels.
You also visited: Ossuary and Ice Cave.

You collected 758 gold pieces.
You spent 145 gold pieces at shops.

Inventory:

Hand Weapons
 k - a +4 vorpal double sword (weapon)
 v - the +10 sling "Tuorghaco" {venom, Str+4}
   (You found it on level 4 of the Dungeon)

   Any ammunition fired from it poisons the flesh of those it strikes.
   Str:       It affects your strength (+4).
 L - a +4 scimitar of flaming
Armour
 b - a +0 helmet (worn)
 c - a +0 buckler (worn)
 e - a +0 plate armour (worn)
 s - a +0 pair of gloves (worn)
 u - a +0 pair of boots (worn)
Jewellery
 m - a +6 ring of strength (left hand)
 q - an amulet of guardian spirit (around neck)
 z - a ring of willpower
 F - a ring of see invisible (right hand)
Wands
 f - a wand of digging (9)
 r - a wand of iceblast (11)
 C - a wand of light (7)
 Q - a wand of paralysis (10)
Scrolls
 a - a scroll of amnesia
 i - 2 scrolls of silence
 l - 2 scrolls of enchant armour
 w - 5 scrolls of vulnerability
 x - a scroll of fog {unknown}
 y - 4 scrolls of immolation
 D - 3 scrolls of teleportation
 E - a scroll of blinking
 G - 2 scrolls of magic mapping
 H - a scroll of torment {unknown}
 I - a scroll of noise {unknown}
 N - 4 scrolls of poison
 P - a scroll of summoning {unknown}
Potions
 d - a potion of degeneration {unknown}
 g - 3 potions of cancellation
 h - 7 potions of lignification
 j - 5 potions of curing
 n - 3 potions of attraction
 p - 2 potions of brilliance
 t - a potion of magic {unknown}
 A - a potion of ambrosia
 B - 2 potions of resistance
 J - a potion of flight
 K - 3 potions of mutation


   Skills:
 + Level 11.1 Fighting
 - Level 16.9 Long Blades
 - Level 3.7 Axes
 - Level 2.0 Ranged Weapons
 * Level 11.6 Armour
 + Level 0.9 Stealth
 * Level 7.0 Shields


You had 12 spell levels left.
You didn't know any spells.
Your spell library contained the following spells:

 Spells                   Type           Power      Damage    Failure   Level
 Slow                     Hex            0%         N/A       98%         1
 Cigotuvi's Dreadful Rot  Necr/Pois/Air  0%         N/A       99%         2
 Poisonous Vapours        Pois/Air       0%         N/A       99%         2
 Confusing Touch          Hex            0%         N/A       100%        3
 Gell's Gravitas          Tloc           0%         N/A       100%        3
 Lesser Beckoning         Tloc           0%         N/A       100%        3
 Mephitic Cloud           Conj/Pois/Air  0%         N/A       100%        3
 Teleport Other           Tloc           0%         N/A       100%        3
 Vampiric Draining        Necr           0%         2d6       100%        3


Dungeon Overview and Level Annotations

Branches:
Dungeon (12/15)            Temple (1/1) D:5            Lair (0/5) D:11
    Orc (0/2) D:10        Ossuary (visited)           IceCv (visited)

Altars:
Ashenzari
Cheibriados
Dithmenos
Elyvilon
Fedhas
Gozag
Hepliaklqana
Kikubaaqudgha
Makhleb
Nemelex Xobeh
Okawaru
Qazlal
Ru
Sif Muna
Trog
Uskayaw
Vehumet
Wu Jian
Xom
Yredelemnul
Zin
The Shining One
Beogh

Shops:
D:2 *   D:4 *?   D:10 *

Annotations:
D:6 2 transporters, gzilladon's ghost, novice GnFi


Message History

The skeletal warrior is moderately damaged.
The skeletal warrior hits you from afar with a +0 glaive!!
The skeletal warrior hits you from afar with a +0 halberd.
You are too injured to fight recklessly!
The skeletal warrior attacks as you move away!
The skeletal warrior hits you but does no damage.
You see here a +0 flail.
The skeletal warrior attacks as you move away!
The skeletal warrior hits you with a +0 hand axe!!
The skeletal warrior attacks as you move away!
The skeletal warrior completely misses you.
The skeletal warrior attacks as you move away!
The skeletal warrior hits you with a +0 hand axe!
The skeletal warrior attacks as you move away!
You block the skeletal warrior's attack.
The skeletal warrior attacks as you move away!
The skeletal warrior hits you with a +0 hand axe!
* * * LOW HITPOINT WARNING * * *
The skeletal warrior attacks as you move away!
The skeletal warrior hits you but does no damage.
The skeletal warrior attacks as you move away!
The skeletal warrior completely misses you.
The skeletal warrior attacks as you move away!
The skeletal warrior hits you with a +0 hand axe!
* * * LOW HITPOINT WARNING * * *
The skeletal warrior attacks as you move away!
The skeletal warrior barely misses you.
Aiming: Dig
Press: ? - help, Shift-Dir - straight line This square is lit by a halo.
The rock shatters into small pieces.
The skeletal warrior hits you with a +0 hand axe!
* * * LOW HITPOINT WARNING * * *
The skeletal warrior hits you from afar with a +0 halberd.
* * * LOW HITPOINT WARNING * * *
Unknown command.
There is a stone staircase leading up here.
You can't go down here!
The skeletal warrior hits you with a +0 hand axe.
You die...

...#....#.# #.....)............
........###.. #.#.##+..#######'##
............. +.#......# #.#
#########.... #.#.###..# #####.##
. #.#.# #..# #...'.'. ##
#.#J###..# #.###.## . .
..#.#......# #.# ##########.
..#.##'###.###+###.##
.....##..#.##.#.@......+.........
.....##..#....#.z......###+###.##
###..###.#....#z#.##.#.# #.#
###..###.####..z#.##...# #.###.##
.#..........#.#.#....#.# #...'.'.
##'#####.####...######.# #####.##
......##.#.............# #.#
...#..#..#.#######.....#######'##
......####.......................


You could see 3 skeletal warriors.

Vanquished Creatures
  Gastronok (D:9)
  Erolcha (D:9)
  Erica (D:8)
  5 two-headed ogres
  Nergalle (D:12)
  4 skeletal warriors (D:12)
  A deep elf pyromancer (D:12)
  An ugly thing (D:10)
  A cyclops (D:8)
  2 rime drakes (D:11)
  2 komodo dragons
  3 trolls (D:10)
  A hornet (D:9)
  A meliai zombie (D:12)
  A vampire (D:11)
  2 wyverns
  3 wraiths
  19 yaks
  A basilisk (D:11)
  2 steam dragons (D:8)
  Menkaure (D:4)
  An acid dragon (D:11)
  Duvessa (D:4)
  3 water moccasins
  2 ice beasts
  5 orc warriors
  3 centaurs
  A phantom (D:5)
  4 kobold brigands
  A bullfrog (D:8)
  3 gnoll sergeants
  2 necrophages (D:6)
  A cane toad simulacrum (IceCv)
  A water moccasin zombie (Ossuary)
  3 scorpions
  Dowan (D:4)
  11 wights
  6 killer bees (D:9)
  5 howler monkeys
  13 centaur zombies
  3 bullfrog zombies
  11 orc priests
  2 jellies (D:5)
  2 hounds
  2 iguanas
  6 orc wizards
  4 scorpion zombies
  An ogre zombie (Ossuary)
  A hound zombie (D:5)
  A hound skeleton (D:5)
  18 gnolls
  10 adders
  2 shadow imps (D:8)
  A white imp (D:7)
  5 ufetubi
  5 adder zombies (Ossuary)
  An adder skeleton (D:5)
  2 worms
  4 dart slugs
  39 orcs
  3 bats
  7 endoplasms
  2 giant cockroaches
  13 goblins
  7 hobgoblins
  5 jackals
  3 quokkas
  7 ball pythons
  3 frilled lizards
  A gnoll zombie (Ossuary)
  5 goblin zombies (Ossuary)
  4 hobgoblin zombies (Ossuary)
  14 kobolds
  3 orc zombies (Ossuary)
  14 rats
332 creatures vanquished.

Notes
Turn   | Place    | Note
-------+----------+-------------------------------------------
     0 | D:1      | droid the Hill Orc Fighter began the quest for the Orb.
     0 | D:1      | Reached XP level 1. HP: 19/19 MP: 1/1
    32 | D:1      | Reached XP level 2. HP: 6/27 MP: 2/2
   510 | D:1      | Reached XP level 3. HP: 33/33 MP: 3/3
   786 | D:1      | Found a faded altar of an unknown god.
  1212 | D:2      | Found Qegigahi's Assorted Antiques.
  1457 | D:2      | Reached XP level 4. HP: 39/40 MP: 4/4
  2465 | D:3      | Reached skill level 1 in Long Blades
  2662 | D:4      | Noticed Menkaure
  2906 | D:4      | Killed Menkaure
  2907 | D:4      | Reached skill level 3 in Long Blades
  2907 | D:4      | Reached XP level 5. HP: 13/46 MP: 1/5
  3094 | D:4      | Noticed Dowan
  3095 | D:4      | Noticed Duvessa
  3105 | D:4      | Killed Duvessa
  3106 | D:4      | Reached skill level 4 in Long Blades
  3106 | D:4      | Reached XP level 6. HP: 12/52 MP: 1/6
  3129 | D:4      | Killed Dowan
  3130 | D:4      | Reached skill level 5 in Long Blades
  3564 | D:4      | Found Wud Ivig's Magic Scroll Shoppe.
  3578 | D:4      | Bought a scroll of identify for 20 gold pieces
  3578 | D:4      | Bought a scroll of identify for 20 gold pieces
  3578 | D:4      | Bought a scroll of teleportation for 30 gold pieces
  3603 | D:4      | Reached XP level 7. HP: 50/60 MP: 7/7
  3809 | D:4      | Identified the +10 sling "Tuorghaco" {venom, Str+4}
  4194 | D:4      | Found Egumaoba's Serpentskin Sales.
  4200 | D:4      | Reached skill level 6 in Long Blades
  4526 | D:4      | Reached skill level 1 in Ranged Weapons
  4526 | D:4      | Reached skill level 5 in Armour
  4828 | D:4      | Bought a scroll of enchant weapon for 75 gold pieces
  4832 | D:5      | Entered Level 5 of the Dungeon
  4874 | D:5      | Reached skill level 5 in Fighting
  5046 | D:5      | Found a staircase to the Ecumenical Temple.
  5083 | D:5      | Reached skill level 7 in Long Blades
  5083 | D:5      | Reached XP level 8. HP: 41/68 MP: 4/8
  5420 | D:5      | Found a sacrificial altar of Ru.
  5568 | D:5      | Reached skill level 8 in Long Blades
  6049 | Temple   | Entered the Ecumenical Temple
  6214 | Temple   | Became a worshipper of the Shining One
  6243 | D:6      | Found a transporter.
  6246 | D:6      | Noticed a manticore
  6247 | D:6      | Noticed gzilladon's ghost (novice GnFi)
  6705 | D:6      | Reached skill level 9 in Long Blades
  6912 | D:6      | Found a hazy altar of Hepliaklqana.
  7047 | D:6      | Reached XP level 9. HP: 66/75 MP: 9/9
  7124 | D:6      | Found a transporter.
  7615 | D:7      | Reached skill level 10 in Long Blades
  7650 | D:7      | Identified the +0 robe of Context {rN+}
  7734 | D:7      | Found a stormy altar of Qazlal.
  7755 | D:7      | Noticed a two-headed ogre
  7763 | D:7      | Killed a two-headed ogre
  8059 | D:7      | Reached skill level 11 in Long Blades
  8071 | D:7      | Found a sand-covered staircase.
  8075 | Ossuary  | Entered an ossuary
  8085 | Ossuary  | Reached * piety under the Shining One
  8158 | Ossuary  | Reached ** piety under the Shining One
  8249 | Ossuary  | Noticed a silent spectre
  8967 | D:8      | Reached skill level 12 in Long Blades
  8967 | D:8      | Reached XP level 10. HP: 72/84 MP: 8/10
  8989 | D:8      | Reached *** piety under the Shining One
  9302 | D:8      | Noticed a cyclops
  9309 | D:8      | Killed a cyclops
  9889 | D:7      | Identified a scroll of acquirement
  9890 | D:7      | Acquired 557 gold pieces
  9977 | D:8      | Found a roughly hewn altar of Beogh.
 10010 | D:8      | Noticed Erica
 10021 | D:8      | Killed Erica
 10022 | D:8      | Reached skill level 13 in Long Blades
 10022 | D:8      | Reached skill level 5 in Shields
 10457 | D:9      | Noticed a two-headed ogre
 10466 | D:9      | Killed a two-headed ogre
 10897 | D:9      | Reached skill level 14 in Long Blades
 11065 | D:9      | Found an opulent altar of Gozag.
 11359 | D:9      | Noticed Erolcha
 11359 | D:9      | Paralysed by Erolcha for 2 turns
 11367 | D:9      | Killed Erolcha
 11368 | D:9      | Reached XP level 11. HP: 48/92 MP: 5/11
 11522 | D:9      | Paralysed by a hornet for 2 turns
 11789 | D:9      | Noticed Gastronok
 11807 | D:9      | Killed Gastronok
 11808 | D:9      | HP: 4/94 [wraith (4)]
 12179 | D:9      | Found a large runed translucent door.
 12180 | D:9      | Found a large runed translucent door.
 12181 | D:9      | Reached **** piety under the Shining One
 12379 | D:9      | Reached skill level 15 in Long Blades
 12396 | D:9      | Found a shimmering blue altar of Sif Muna.
 12399 | D:9      | Found a hide-covered altar of Uskayaw.
 12442 | D:10     | Entered Level 10 of the Dungeon
 12442 | D:10     | Noticed a purple ugly thing
 12451 | D:10     | Killed a purple ugly thing
 12461 | D:10     | Noticed a two-headed ogre
 12974 | D:10     | Found a staircase to the Orcish Mines.
 13058 | D:10     | Found Jacius's Lightly-Used Armoury.
 13207 | D:10     | Found a roughly hewn altar of Beogh.
 13454 | D:10     | Found a broken altar of Ashenzari.
 13659 | D:10     | Found an ancient bone altar of Kikubaaqudgha.
 13822 | D:10     | Identified the +8 war axe "Udeplegh" {spect, Stlth+}
 14162 | D:11     | Found a bloodstained altar of Trog.
 14169 | D:11     | Reached skill level 16 in Long Blades
 14178 | D:11     | Reached XP level 12. HP: 98/103 MP: 10/12
 14323 | D:11     | Noticed a two-headed ogre
 14324 | D:11     | Found a staircase to the Lair.
 14330 | D:11     | Killed a two-headed ogre
 14421 | D:11     | Found a frozen archway.
 14429 | IceCv    | Entered an ice cave
 14429 | IceCv    | Reached ***** piety under the Shining One
 14442 | IceCv    | HP: 4/104 [harpy simulacrum (5)]
 14955 | D:11     | Noticed a two-headed ogre
 14962 | D:11     | Killed a two-headed ogre
 15696 | D:12     | Noticed a two-headed ogre
 15704 | D:12     | Killed a two-headed ogre
 15754 | D:12     | Identified the +1 ring mail of Tianlon {rCorr Str-2 Int+3}
 15862 | D:12     | Reached skill level 10 in Fighting
 15862 | D:12     | Reached skill level 10 in Armour
 15930 | D:12     | Found a basalt altar of Yredelemnul.
 16170 | D:12     | Reached XP level 13. HP: 104/115 MP: 13/13
 16710 | D:12     | Noticed Nergalle
 16725 | D:12     | Killed Nergalle
 16875 | D:12     | HP: 5/116 [skeletal warrior/+0 hand axe (14)]
 16875 | D:12     | HP: 1/116 [skeletal warrior/+0 halberd (4)]
 16880 | D:12     | Slain by a skeletal warrior

Illustrated notes

Levels and vault maps discovered:
D:1:      amcnicky_arrival_double_pillar, layout_loops_cross,
          shapermc_ecumenical_altar_mp_vishouse
D:2:      layout_basic, serial_shops,
          nicolae_shop_temple_entry_statues_fountains
D:3:      layout_rooms
D:4:      cheibrodos_quashed, layout_gridville, serial_shops, shop,
          guppyfry_shop_venom, uniq_menkaure, uniq_duvessa
D:5:      layout_loops_ring, mainiacjoe_overflow_paths,
          minmay_temple_entry_butterflies, serial_undead, serial_undead_d,
          serial_undead_e, serial_undead_e, serial_undead_c,
          nicolae_figureground_sparkle
D:6:      layout_layer_cave, nicolae_hepliaklqana_hazy_memory,
          gammafunk_ghost_arena, kennysheep_generic_room_13
D:7:      layout_basic, grunt_qazlal_clouds, enter_ossuary_5
D:8:      layout_cave_pools, special_room [special_room_orc], uniq_erica
D:9:      layout_irregular_city, grunt_gozag_statues, jmf_multi_god_temple2,
          kennysheep_flooded_box, uniq_erolcha, uniq_gastronok
D:10:     layout_long_grid, minitemple, minmay_orc_entry_temple_small,
          abandoned_shop, minmay_misc_feat_alley, small_statue_alley_a,
          minmay_shop_damaged, kennysheep_doodads
D:11:     layout_roguey, lair_entry_dummy, portal_ice_cave_rime,
          trog_three_pillars_becter
D:12:     layout_stronghold, minmay_door_square,
          nicolae_yredelemnul_corpse_copse, uniq_nergalle
Temple:   zaba_magenta_temple

Skill      XL: |  1  2  3  4  5  6  7  8  9 10 11 12 13 |
---------------+----------------------------------------+-----
Axes           | 3 |  3.7
Fighting       | 4 5 6 7 8 10 11 | 11.1
Armour         | 4 5 6 7 9 11 | 11.6
Long Blades    | 3 4 5 7 9 12 14 16 | 16.9
Shields        | 4 5 6 7 |  7.0
Ranged Weapons | 1 2 |  2.0
Stealth        | |  0.9

Action                   |  1- 3 |  4- 6 |  7- 9 | 10-12 | 13-15 || total
-------------------------+-------+-------+-------+-------+-------++-------
Melee: War axe           |    77 |       |       |       |       ||    77
       Double sword      |    13 |    88 |   344 |   562 |    33 ||  1040
 Fire: Sling             |       |       |     9 |    13 |       ||    22
Evoke: Wand              |       |       |     1 |       |     2 ||     3
  Use: Scroll            |       |     3 |    16 |    12 |     5 ||    36
       Potion            |       |     4 |     4 |     9 |       ||    17
Armor: Scale mail        |     5 |       |       |       |       ||     5
       Plate armour      |    55 |    74 |   297 |   382 |    14 ||   822
Dodge: Dodged            |    22 |    30 |   144 |   177 |     7 ||   380
Block: Buckler           |    26 |    31 |    92 |   134 |     5 ||   288

Table legend: (Time is in decaauts)
 A = Elapsed time spent in this place.
 B = Non-inter-level travel time spent in this place.
 C = Inter-level travel time spent in this place.
 D = Time resting spent in this place.
 E = Time spent auto-exploring this place.
 F = Levels seen in this place.
 G = Mean time per level.
                   A        B        C        D        E       F      G
               +--------+--------+--------+--------+--------+-----+--------+
         Total |  16915 |  15396 |   1519 |   5337 |   7574 |  15 | 1127.7 |
       Dungeon |  16516 |  15109 |   1407 |   5337 |   7484 |  12 | 1376.3 |
        Temple |    169 |     57 |    112 |      0 |     50 |   1 |  169.0 |
       Ossuary |    217 |    217 |      0 |      0 |     40 |   1 |  217.0 |
      Ice Cave |     12 |     12 |      0 |      0 |      0 |   1 |   12.0 |
               +--------+--------+--------+--------+--------+-----+--------+

Top non-repeatable levels by time:
     D:9: 2237 daAuts
     D:4: 1912 daAuts
     D:7: 1612 daAuts
    D:11: 1519 daAuts
     D:6: 1337 daAuts
     D:2: 1268 daAuts
     D:8: 1235 daAuts
    D:10: 1230 daAuts
     D:5: 1202 daAuts
    D:12: 1160 daAuts
     D:1: 1053 daAuts
     D:3: 746 daAuts
 Ossuary: 217 daAuts
  Temple: 169 daAuts
   IceCv: 12 daAuts
